% Time on Ice - KELOWNA ROCKETS
Lines # - Real PCT - Wanted PCT - Time Play
Normal Forward
1 - 32% - 36% - 15:02
2 - 33% - 36% - 15:30
3 - 27% - 28% - 12:49
4 - 8% - 0% - 4:01
Normal Defense
1 - 33% - 37% - 15:49
2 - 38% - 35% - 18:09
3 - 28% - 28% - 13:22
4 - 0% - 0% - 0:02
PP Forward
1 - 49% - 55% - 1:56
2 - 51% - 45% - 2:02
PP Defense
1 - 56% - 65% - 2:13
2 - 44% - 35% - 1:45
PK Forward
1 - 78% - 65% - 6:44
2 - 22% - 35% - 1:56
PK Defense
1 - 46% - 55% - 3:57
2 - 54% - 45% - 4:43
PK3 Forward
1 - 83% - 60% - 1:16
2 - 17% - 40% - 0:16
PK3 Defense
1 - 40% - 55% - 0:37
2 - 60% - 45% - 0:55
44 Forward
1 - 0% - 55%
2 - 0% - 45%
44 Defense
1 - 0% - 55%
2 - 0% - 45%
Last Minute Offensive  - 0:00
Last Minute Defensive  - 0:00
Total
Forward - 61:32
Defense - 61:32
% Time on Ice - SPOKANE KNIGHTS
Lines # - Real PCT - Wanted PCT - Time Play
Normal Forward
1 - 37% - 45% - 17:36
2 - 29% - 35% - 13:42
3 - 17% - 10% - 7:57
4 - 17% - 10% - 8:07
Normal Defense
1 - 31% - 35% - 14:55
2 - 35% - 35% - 16:38
3 - 26% - 15% - 12:09
4 - 8% - 15% - 3:40
PP Forward
1 - 67% - 60% - 5:50
2 - 33% - 40% - 2:50
PP Defense
1 - 66% - 60% - 5:43
2 - 34% - 40% - 2:57
PK Forward
1 - 51% - 50% - 2:01
2 - 49% - 50% - 1:57
PK Defense
1 - 40% - 60% - 1:35
2 - 60% - 40% - 2:23
PK3 Forward
1 - 0% - 60%
2 - 0% - 40%
PK3 Defense
1 - 0% - 60%
2 - 0% - 40%
44 Forward
1 - 58% - 50% - 0:53
2 - 42% - 50% - 0:39
44 Defense
1 - 58% - 60% - 0:53
2 - 42% - 40% - 0:39
Last Minute Offensive  - 0:00
Last Minute Defensive  - 0:00
Total
Forward - 61:32
Defense - 61:32
Play-by-Play 1st period 0:01 of 1st period - Auston Matthews wins face-off versus Sebastian Aho in neutral zone. 0:14 of 1st period - Shot by Vladimir Tarasenko. 0:14 of 1st period - Stopped by David Rittich without a rebound. 0:15 of 1st period - Anthony Cirelli wins face-off versus Maxim Mamin in SPOKANE KNIGHTS zone. 0:18 of 1st period - Shot by Anthony Cirelli. 0:18 of 1st period - Stopped by David Rittich without a rebound. 0:19 of 1st period - J.T. Compher wins face-off versus Maxim Mamin in SPOKANE KNIGHTS zone. 0:29 of 1st period - Icing by Nick Foligno. 0:30 of 1st period - Anthony Cirelli wins face-off versus Maxim Mamin in SPOKANE KNIGHTS zone. 0:57 of 1st period - Shot by Alexander Ovechkin. 0:57 of 1st period - Stopped by David Rittich with a rebound. 0:59 of 1st period - Shot by Anthony Cirelli. 0:59 of 1st period - Shot Misses the Net. 1:01 of 1st period - Shot by Anthony Cirelli. 1:01 of 1st period - Shot Blocked by Tanner Pearson. 1:03 of 1st period - Shot by Valeri Nichushkin. 1:03 of 1st period - Shot Misses the Net. 1:05 of 1st period - Shot by Anthony Cirelli. 1:05 of 1st period - Deflect By Alexander Ovechkin. 1:05 of 1st period - Shot Blocked by Michael Stone. 1:07 of 1st period - Shot by Valeri Nichushkin. 1:07 of 1st period - Stopped by David Rittich without a rebound. 1:08 of 1st period - Auston Matthews wins face-off versus Sebastian Aho in SPOKANE KNIGHTS zone. 1:08 of 1st period - Pavel Buchnevich is hit by Erik Brannstrom. 1:10 of 1st period - Shot by Vladimir Tarasenko. 1:10 of 1st period - Shot Blocked by Kris Russell. 1:12 of 1st period - Shot by Pavel Buchnevich. 1:12 of 1st period - Stopped by David Rittich with a rebound. 1:14 of 1st period - Shot by Dmitri Orlov. 1:14 of 1st period - Shot Misses the Net. 1:16 of 1st period - Shot by Pavel Buchnevich. 1:16 of 1st period - Shot Misses the Net. 2:20 of 1st period - Shot by J.T. Compher. 2:20 of 1st period - Shot Misses the Net. 3:19 of 1st period - Cale Makar is hit by Valeri Nichushkin and loses puck. 4:24 of 1st period - Shot by Vladimir Tarasenko. 4:24 of 1st period - Shot Misses the Net. 4:26 of 1st period - Shot by Auston Matthews. 4:26 of 1st period - Stopped by David Rittich without a rebound. 4:27 of 1st period - J.T. Compher wins face-off versus Mitchell Stephens in SPOKANE KNIGHTS zone. 4:33 of 1st period - Icing by Dmitri Jaskin. 4:34 of 1st period - Mitchell Stephens wins face-off versus J.T. Compher in SPOKANE KNIGHTS zone. 4:34 of 1st period - Mitchell Stephens is hit by Tyler Bertuzzi. 5:20 of 1st period - Cale Makar is hit by J.T. Compher and loses puck. 5:24 of 1st period - Icing by Cale Makar. 5:25 of 1st period - Valeri Nichushkin wins face-off versus Mitchell Stephens in SPOKANE KNIGHTS zone. 5:35 of 1st period - Off-side. 5:36 of 1st period - Pavel Buchnevich wins face-off versus Maxim Mamin in neutral zone. 6:24 of 1st period - Icing by Auston Matthews. 6:25 of 1st period - Auston Matthews wins face-off versus Sebastian Aho in KELOWNA ROCKETS zone. 6:32 of 1st period - Shot by Pavel Buchnevich. 6:32 of 1st period - Shot Misses the Net. 7:01 of 1st period - Shot by Valeri Nichushkin. 7:01 of 1st period - Shot Blocked by Erik Brannstrom. 7:03 of 1st period - Shot by Anthony Cirelli. 7:03 of 1st period - Goal by Anthony Cirelli - KELOWNA ROCKETS : 1 - SPOKANE KNIGHTS : 0. 7:04 of 1st period - Luke Glendening wins face-off versus J.T. Compher in neutral zone. 7:20 of 1st period - Icing by Nick Bjugstad. 7:21 of 1st period - Anthony Cirelli wins face-off versus Luke Glendening in SPOKANE KNIGHTS zone. 7:28 of 1st period - Shot by Valeri Nichushkin. 7:28 of 1st period - Goal by Valeri Nichushkin - KELOWNA ROCKETS : 2 - SPOKANE KNIGHTS : 0. 7:29 of 1st period - Maxim Mamin wins face-off versus Anthony Cirelli in neutral zone. 7:50 of 1st period - Shot by Tanner Pearson. 7:50 of 1st period - Goal by Tanner Pearson - KELOWNA ROCKETS : 2 - SPOKANE KNIGHTS : 1. 7:51 of 1st period - Auston Matthews wins face-off versus Sebastian Aho in neutral zone. 8:00 of 1st period - Shot by Vladimir Tarasenko. 8:00 of 1st period - Shot Misses the Net. 8:27 of 1st period - Shot by Auston Matthews. 8:27 of 1st period - Deflect By Vladimir Tarasenko. 8:27 of 1st period - Stopped by David Rittich with a rebound. 8:59 of 1st period - Shot by Anthony Cirelli. 8:59 of 1st period - Shot Misses the Net. 9:17 of 1st period - Shot by Alexander Ovechkin. 9:17 of 1st period - Shot Misses the Net. 9:25 of 1st period - Shot by Anthony Cirelli. 9:25 of 1st period - Deflect By Alexander Ovechkin. 9:25 of 1st period - Stopped by David Rittich without a rebound. 9:26 of 1st period - Mitchell Stephens wins face-off versus J.T. Compher in SPOKANE KNIGHTS zone. 9:46 of 1st period - J.T. Compher is hit by Nicolas Deslauriers. 9:58 of 1st period - Shot by Tyler Bertuzzi. 9:58 of 1st period - Shot Misses the Net. 10:32 of 1st period - Shot by Vladimir Tarasenko. 10:32 of 1st period - Shot Blocked by Dmitri Jaskin. 10:52 of 1st period - Minor Penalty to Nicolas Deslauriers for Hooking. 10:53 of 1st period - Anthony Cirelli wins face-off versus Luke Glendening in SPOKANE KNIGHTS zone. 11:13 of 1st period - Shot by Alexander Ovechkin. 11:13 of 1st period - Stopped by David Rittich without a rebound. 11:14 of 1st period - Auston Matthews wins face-off versus Luke Glendening in SPOKANE KNIGHTS zone. 11:53 of 1st period - Shot by Auston Matthews. 11:53 of 1st period - Shot Hit the Post. 12:08 of 1st period - Icing by Valeri Nichushkin. 12:09 of 1st period - Mitchell Stephens wins face-off versus Anthony Cirelli in KELOWNA ROCKETS zone. 12:09 of 1st period - Kris Russell is hit by Adam Fox and loses puck. 13:28 of 1st period - Icing by Mark Giordano. 13:29 of 1st period - Alex Formenton wins face-off versus Cody Eakin in KELOWNA ROCKETS zone. 13:32 of 1st period - Shot by Sebastian Aho. 13:32 of 1st period - Shot Blocked by Mark Giordano. 13:39 of 1st period - Minor Penalty to Jonathon Merrill for Interference. 13:40 of 1st period - Nick Foligno wins face-off versus Anthony Cirelli in KELOWNA ROCKETS zone. 13:41 of 1st period - Shot by Cale Makar. 13:41 of 1st period - Goal by Cale Makar - KELOWNA ROCKETS : 2 - SPOKANE KNIGHTS : 2. 13:42 of 1st period - Sebastian Aho wins face-off versus Anthony Cirelli in neutral zone. 13:45 of 1st period - Shot by Corey Perry. 13:45 of 1st period - Stopped by Sergei Bobrovsky without a rebound. 13:46 of 1st period - Sebastian Aho wins face-off versus Anthony Cirelli in KELOWNA ROCKETS zone. 14:06 of 1st period - Icing by Adam Fox. 14:07 of 1st period - Anthony Cirelli wins face-off versus Maxim Mamin in KELOWNA ROCKETS zone. 14:20 of 1st period - Shot by Tanner Pearson. 14:20 of 1st period - Shot Blocked by Dmitri Orlov. 15:12 of 1st period - Icing by Adam Fox. 15:13 of 1st period - Luke Glendening wins face-off versus Anthony Cirelli in KELOWNA ROCKETS zone. 15:49 of 1st period - Minor Penalty to Dmitri Orlov for Hooking. 15:50 of 1st period - Derek Ryan wins face-off versus Sebastian Aho in KELOWNA ROCKETS zone. 15:50 of 1st period - Derek Ryan is hit by Nick Foligno. 16:02 of 1st period - Shot by Cale Makar. 16:02 of 1st period - Shot Blocked by Anthony DeAngelo. 16:04 of 1st period - Shot by Sebastian Aho. 16:04 of 1st period - Goal by Sebastian Aho - KELOWNA ROCKETS : 2 - SPOKANE KNIGHTS : 3. 16:05 of 1st period - Auston Matthews wins face-off versus Sebastian Aho in neutral zone. 16:08 of 1st period - Shot by Vladimir Tarasenko. 16:08 of 1st period - Stopped by David Rittich with a rebound. 17:06 of 1st period - Icing by Auston Matthews. 17:07 of 1st period - Luke Glendening wins face-off versus Auston Matthews in KELOWNA ROCKETS zone. 17:08 of 1st period - Shot by Nick Bjugstad. 17:08 of 1st period - Shot Blocked by Jonathon Merrill. 17:10 of 1st period - Shot by Michael Stone. 17:10 of 1st period - Stopped by Sergei Bobrovsky without a rebound. 17:11 of 1st period - J.T. Compher wins face-off versus Maxim Mamin in KELOWNA ROCKETS zone. 17:16 of 1st period - Shot by Tyler Bertuzzi. 17:16 of 1st period - Shot Blocked by Erik Brannstrom. 19:44 of 1st period - Shot by Dmitri Jaskin. 19:44 of 1st period - Shot Misses the Net. 19:46 of 1st period - Shot by Kris Russell. 19:46 of 1st period - Stopped by Sergei Bobrovsky with a rebound. 19:48 of 1st period - Shot by Kris Russell. 19:48 of 1st period - Shot Misses the Net. 19:50 of 1st period - Shot by Kris Russell. 19:50 of 1st period - Stopped by Sergei Bobrovsky with a rebound. Goals for this period are 2 for KELOWNA ROCKETS vs 3 for SPOKANE KNIGHTS. Shots for this period are 12 for KELOWNA ROCKETS vs 7 for SPOKANE KNIGHTS. 2nd period 0:01 of 2nd period - Corey Perry wins face-off versus J.T. Compher in neutral zone. 0:04 of 2nd period - Shot by Cale Makar. 0:04 of 2nd period - Stopped by Sergei Bobrovsky without a rebound. 0:05 of 2nd period - Sebastian Aho wins face-off versus J.T. Compher in KELOWNA ROCKETS zone. 0:34 of 2nd period - Shot by Sebastian Aho. 0:34 of 2nd period - Stopped by Sergei Bobrovsky without a rebound. 0:35 of 2nd period - Maxim Mamin wins face-off versus Vladimir Tarasenko in KELOWNA ROCKETS zone. 0:38 of 2nd period - Shot by Nick Foligno. 0:38 of 2nd period - Shot Blocked by Dmitri Orlov. 0:53 of 2nd period - Icing by Erik Brannstrom. 0:54 of 2nd period - Anthony Cirelli wins face-off versus Maxim Mamin in SPOKANE KNIGHTS zone. 1:14 of 2nd period - Shot by Valeri Nichushkin. 1:14 of 2nd period - Stopped by David Rittich without a rebound. 1:15 of 2nd period - Sebastian Aho wins face-off versus Auston Matthews in SPOKANE KNIGHTS zone. 1:58 of 2nd period - Icing by Duncan Keith. 1:59 of 2nd period - Auston Matthews wins face-off versus Maxim Mamin in KELOWNA ROCKETS zone. 2:58 of 2nd period - Shot by Luke Glendening. 2:58 of 2nd period - Shot Misses the Net. 3:00 of 2nd period - Shot by Luke Glendening. 3:00 of 2nd period - Stopped by Sergei Bobrovsky without a rebound. 3:01 of 2nd period - Sebastian Aho wins face-off versus J.T. Compher in KELOWNA ROCKETS zone. 3:51 of 2nd period - Icing by Adam Fox. 3:52 of 2nd period - J.T. Compher wins face-off versus Luke Glendening in KELOWNA ROCKETS zone. 3:52 of 2nd period - Tyler Bertuzzi is hit by Nick Bjugstad and loses puck. 4:05 of 2nd period - Shot by Nick Bjugstad. 4:05 of 2nd period - Shot Blocked by Adam Fox. 4:07 of 2nd period - Shot by Jimmy Vesey. 4:07 of 2nd period - Shot Misses the Net. 4:09 of 2nd period - Shot by Michael Stone. 4:09 of 2nd period - Shot Blocked by Derek Ryan. 4:11 of 2nd period - Shot by Nicolas Deslauriers. 4:11 of 2nd period - Shot Misses the Net. 4:13 of 2nd period - Shot by Luke Glendening. 4:13 of 2nd period - Stopped by Sergei Bobrovsky with a rebound. 5:31 of 2nd period - Shot by Cale Makar. 5:31 of 2nd period - Stopped by Sergei Bobrovsky without a rebound. 5:32 of 2nd period - Auston Matthews wins face-off versus Mitchell Stephens in KELOWNA ROCKETS zone. 6:06 of 2nd period - Minor Penalty to Duncan Keith for Tripping. 6:07 of 2nd period - Sebastian Aho wins face-off versus Valeri Nichushkin in KELOWNA ROCKETS zone. 6:19 of 2nd period - Icing by Cale Makar. 6:20 of 2nd period - Nick Foligno wins face-off versus Anthony Cirelli in SPOKANE KNIGHTS zone. 7:30 of 2nd period - Auston Matthews is hit by Joseph Veleno and loses puck. 8:27 of 2nd period - Shot by Tyler Bertuzzi. 8:27 of 2nd period - Stopped by David Rittich without a rebound. 8:28 of 2nd period - Auston Matthews wins face-off versus Mitchell Stephens in SPOKANE KNIGHTS zone. 8:35 of 2nd period - Shot by Pavel Buchnevich. 8:35 of 2nd period - Stopped by David Rittich with a rebound. 8:37 of 2nd period - Shot by Pavel Buchnevich. 8:37 of 2nd period - Deflect By Auston Matthews. 8:37 of 2nd period - Shot Misses the Net. 8:39 of 2nd period - Shot by Auston Matthews. 8:39 of 2nd period - Stopped by David Rittich without a rebound. 8:40 of 2nd period - Sebastian Aho wins face-off versus J.T. Compher in SPOKANE KNIGHTS zone. 9:03 of 2nd period - Shot by Corey Perry. 9:03 of 2nd period - Stopped by Sergei Bobrovsky without a rebound. 9:04 of 2nd period - Nick Foligno wins face-off versus Anthony Cirelli in KELOWNA ROCKETS zone. 9:15 of 2nd period - Shot by Tanner Pearson. 9:15 of 2nd period - Shot Misses the Net. 9:24 of 2nd period - Icing by Valeri Nichushkin. 9:25 of 2nd period - Anthony Cirelli wins face-off versus Sebastian Aho in KELOWNA ROCKETS zone. 9:51 of 2nd period - Shot by Alexander Ovechkin. 9:51 of 2nd period - Stopped by David Rittich with a rebound. 9:53 of 2nd period - Shot by Valeri Nichushkin. 9:53 of 2nd period - Deflect By Alexander Ovechkin. 9:53 of 2nd period - Goal by Alexander Ovechkin - KELOWNA ROCKETS : 3 - SPOKANE KNIGHTS : 3. 9:54 of 2nd period - Auston Matthews wins face-off versus Maxim Mamin in neutral zone. 9:57 of 2nd period - Shot by Pavel Buchnevich. 9:57 of 2nd period - Shot Misses the Net. 10:57 of 2nd period - Anthony Cirelli is hit by Sebastian Aho and loses puck. 11:08 of 2nd period - Shot by Sebastian Aho. 11:08 of 2nd period - Shot Blocked by Adam Fox. 11: